 Dungeon Crawl Stone Soup version 0.21-a0-344-g2144152 (webtiles) character file.

719 tidbits the Grave Robber (level 7, 28/28 HPs)
             Began as a Felid Necromancer on Oct 4, 2017.
             Was an Initiate of Cheibriados.
             Quit the game on level 6 of the Dungeon.
             The game lasted 00:26:36 (3955 turns).

tidbits the Grave Robber (Felid Necromancer)        Turns: 3955, Time: 00:26:37

Health: 28/28      AC:  2    Str:  8    XL:     7   Next: 42%
Magic:  15/15      EV: 19    Int: 20    God:    Cheibriados [......]
Gold:   181        SH:  0    Dex: 17    Spells: 0/15 levels left
                                        Lives:  1   Deaths: 1

rFire    . . .     SeeInvis +     - Unarmed
rCold    + . .     Gourm    .   (shield unavailable)
rNeg     . . .     Faith    .   (armour unavailable)
rPois    .         Spirit   .   (helmet unavailable)
rElec    .         Reflect  .   (cloak unavailable)
rCorr    .         Harm     .   (gloves unavailable)
MR       ++...     Rnd*Rage +   (boots unavailable)
Stlth    +++.......             (no amulet)
HPRegen  0.09/turn              k - +3 ring of strength
MPRegen  0.14/turn              (no ring)

@: slow
A: no armour, no weapons or thrown items, stealth, antennae 1, claws 1, fangs 3,
see invisible, berserk 1, carnivore 3, cold resistance 1, speed 1, magic
resistance 1, shaggy fur 2, slow metabolism 1, sharp paws
a: Bend Time, Renounce Religion


You were on level 6 of the Dungeon.
You worshipped Cheibriados.
Cheibriados was noncommittal.
You were not hungry.

You visited 2 branches of the dungeon, and saw 7 of its levels.

You collected 181 gold pieces.

Inventory:

Missiles
 i - 40 arrows
Jewellery
 k - a +3 ring of strength (left paw)
   (You found it on level 6 of the Dungeon)
Wands
 e - a wand of flame (6/48)
 g - a wand of scattershot (0/9)
Scrolls
 f - 2 scrolls of remove curse
 j - a scroll of blinking {unknown}
Potions
 d - a potion of agility
 l - a potion of heal wounds {unknown}
Books
 a - a book of Necromancy

   Spells                             Type                      Level
   a - Pain                           Necromancy                   1
   b - Animate Skeleton               Necromancy                   1
   c - Vampiric Draining              Necromancy                   3
   d - Regeneration                   Charms/Necromancy            3
   e - Animate Dead                   Necromancy                   4
   f - Control Undead                 Necromancy                   4
Comestibles
 b - a meat ration
 c - 4 chunks of flesh
 h - 2 royal jellies


   Skills:
 + Level 1.2 Fighting
 + Level 4.0 Dodging
 + Level 4.1 Stealth
 * Level 4.8 Unarmed Combat
 - Level 4.7 Spellcasting
 - Level 2.0 Charms
 - Level 7.7 Necromancy


You couldn't memorise any spells.
You knew the following spells:

 Your Spells              Type           Power        Failure   Level  Hunger
a - Pain                  Necr           ####         1%          1    None
n - Animate Skeleton      Necr           N/A          1%          1    None
r - Regeneration          Chrm/Necr      ###.......   4%          3    ##.....
u - Control Undead        Necr           #####.....   4%          4    ####...
v - Vampiric Draining     Necr           #####.....   1%          3    ##.....
N - Animate Dead          Necr           N/A          4%          4    ####...


Dungeon Overview and Level Annotations

Branches:
Dungeon (6/15)             Temple (1/1) D:4

Altars:
Ashenzari
Cheibriados
Dithmenos
Elyvilon
Fedhas
Gozag
Hepliaklqana
Kikubaaqudgha
Nemelex Xobeh
Okawaru
Ru
Uskayaw
Vehumet
Wu Jian
The Shining One


Innate Abilities, Weirdness & Mutations

You cannot wear armour.
You are incapable of wielding weapons or throwing items.
Your paws allow you to move quietly. (Stealth)
You have sharp claws.
You have razor-sharp teeth.
You have supernaturally acute eyesight. (SInv)
You are carnivorous and can eat meat at any time.
You cover ground quickly.
You are covered in thick fur. (AC +2)
You have a slow metabolism.
Your sharp claws are effective at attacking unaware monsters.
You have a pair of small antennae on your head.
You tend to lose your temper in combat.
Your flesh is cold resistant. (rC+)
You are resistant to hostile enchantments. (MR+)


Message History

The worm writhes in agony!
Casting: Pain
Confirm with . or Enter, or press ? or * to list all spells.
Aiming: Pain
Press: ? - help, Shift-Dir - straight line, f/p - worm
Aim: a worm (almost dead, chance to defeat MR: 89%)
The worm writhes in agony!
You kill the worm!
An ice beast comes into view.
Casting: Pain
Confirm with . or Enter, or press ? or * to list all spells.
Aiming: Pain
Press: ? - help, Shift-Dir - straight line, f - ice beast
Aim: an ice beast (chance to defeat MR: 84%)
The ice beast writhes in agony!
Casting: Pain
Confirm with . or Enter, or press ? or * to list all spells.
Aiming: Pain
Press: ? - help, Shift-Dir - straight line, f/p - ice beast
Aim: an ice beast (moderately wounded, chance to defeat MR: 84%)
The ice beast writhes in agony!
Casting: Pain
Confirm with . or Enter, or press ? or * to list all spells.
Aiming: Pain
Press: ? - help, Shift-Dir - straight line, f/p - ice beast
Aim: an ice beast (moderately wounded, chance to defeat MR: 84%)
The ice beast writhes in agony!
Casting: Pain
Confirm with . or Enter, or press ? or * to list all spells.
Aiming: Vampiric Draining
Press: ? - help, Shift-Dir - straight line, f/p - ice beast
Aim: an ice beast (heavily wounded)
The ice beast is severely wounded.
You feel life coursing into your body. The ice beast closely misses you.
You completely miss the ice beast.
The ice beast is severely wounded.
The ice beast misses you.
You scratch the ice beast but do no damage.
The ice beast is severely wounded.
The ice beast misses you. The quokka closely misses you.
You barely miss the ice beast.
The ice beast is severely wounded.
The ice beast barely misses you. The quokka closely misses you.
You scratch the ice beast. Your bite misses the ice beast.
The ice beast is almost dead.
The ice beast closely misses you. The quokka misses you.
You scratch the ice beast. Your bite misses the ice beast.
The ice beast is almost dead.
The quokka bites you but does no damage.
The ice beast completely misses you.
You barely miss the ice beast.
The ice beast is almost dead.
The quokka misses you. The ice beast misses you.
You scratch the ice beast.
You kill the ice beast!
Your Fighting skill increases to level 1!
Your Stealth skill increases to level 4!
The quokka barely misses you.
You scratch the quokka. You claw the quokka, but do no damage.
You bite the quokka.
You kill the quokka!
Cheibriados appreciates the change of pace.
A hound comes into view.
A leopard gecko skeleton comes into view.
Found a brown potion.
Casting: Vampiric Draining
Confirm with . or Enter, or press ? or * to list all spells.
Aiming: Pain
Press: ? - help, Shift-Dir - straight line, f - hound
Aim: a hound (hasn't noticed you, chance to defeat MR: 89%)
The hound barks!
The hound writhes in agony!
Casting: Pain
Confirm with . or Enter, or press ? or * to list all spells.
Aiming: Pain
Press: ? - help, Shift-Dir - straight line, f/p - hound
Aim: a hound (heavily wounded, chance to defeat MR: 89%)
The hound writhes in agony!
The hound bites you.
You scratch the hound.
You kill the hound!
Cheibriados thoroughly appreciates the change of pace.
Your Dodging skill increases to level 4!
You claw the leopard gecko skeleton!
You destroy the leopard gecko skeleton!
Cheibriados appreciates the change of pace.
You see here a hound corpse.
l - a brown potion
Items here: )) [ †† a trident; a chain mail; a short sword; an orc corpse x2
The centaur wields a glowing shortbow.
The centaur shoots an arrow.
The arrow hits you.
The centaur shoots an arrow.
The arrow hits you!
* * * LOW HITPOINT WARNING * * *
x2 The centaur shoots an arrow.
The arrow hits you!
* * * LOW HITPOINT WARNING * * *
You die...
You are now level 7!
You rejoin the land of the living...
Are you sure you want to abandon this character and quit the game? (Confirm with "yes".)

.... #.....##.# ##.####
#......#.# #.....###........#
######.#...##.........#
###......#...#..........#
######...######.....##.....#.#
...##..### #...###...))...#
....#.## #...# #........####
......# #.@.# #...<....(..#
.....## #...# ##......###>.
.....# #...# ##...#.# #
....#### #...# #####.#
....(†.# ##### #.# .....#.###
##.# .....#...## ###..#
....####..######## #...##
...## ##........## #.###


There were no monsters in sight!

Vanquished Creatures
  A yak (D:5)
  An ogre (D:5)
  An ice beast (D:6)
  2 centaurs (D:6)
  A bullfrog (D:6)
  5 scorpions
  A crimson imp (D:5)
  3 hounds (D:6)
  An orc priest (D:4)
  3 orc wizards
  Natasha (thrice) (D:2)
  5 worker ants
  A hound zombie (D:5)
  A hound skeleton (D:4)
  4 adders
  2 worms
  A dart slug (D:1)
  4 leopard geckos
  17 orcs
  2 ball pythons
  13 bats
  10 giant cockroaches
  7 goblins
  7 hobgoblins
  8 jackals
  6 kobolds
  A quokka (D:6)
  4 frilled lizards
  A leopard gecko skeleton (D:6)
  9 rats
  A fungus (D:5)
126 creatures vanquished.

Notes
Turn   | Place    | Note
-------+----------+-------------------------------------------
     0 | D:1      | tidbits the Felid Necromancer began the quest for the Orb.
     0 | D:1      | Reached XP level 1. HP: 7/7 MP: 4/4
   208 | D:1      | Reached skill level 3 in Dodging
   208 | D:1      | Reached skill level 3 in Stealth
   249 | D:1      | Reached XP level 2. HP: 2/11 MP: 3/6
   651 | D:1      | Learned a level 1 spell: Animate Skeleton
   918 | D:2      | Reached XP level 3. HP: 4/14 MP: 5/7
   923 | D:2      | Learned a level 3 spell: Vampiric Draining
  1266 | D:2      | Found a sparkling altar of Nemelex Xobeh.
  1303 | D:2      | Noticed Natasha
  1311 | D:2      | Killed Natasha
  1311 | D:2      | Reached XP level 4. HP: 6/18 MP: 8/8
  1425 | D:2      | Noticed Natasha
  1429 | D:2      | HP: 1/18 [Natasha/magic dart (7)]
  1469 | D:2      | Killed Natasha
  1469 | D:2      | Reached skill level 1 in Unarmed Combat
  1516 | D:2      | Noticed Natasha
  1527 | D:2      | Killed Natasha
  1570 | D:3      | Learned a level 3 spell: Regeneration
  1645 | D:3      | Reached skill level 5 in Necromancy
  1672 | D:4      | Reached skill level 3 in Spellcasting
  1672 | D:4      | Reached XP level 5. HP: 17/21 MP: 0/10
  2190 | D:3      | Reached skill level 2 in Unarmed Combat
  2330 | D:4      | Gained mutation: You are covered in thick fur. (AC +2) [Felid growth]
  2330 | D:4      | Reached XP level 6. HP: 21/24 MP: 0/12
  2539 | D:5      | Entered Level 5 of the Dungeon
  2580 | D:5      | Reached skill level 6 in Necromancy
  2793 | D:6      | Noticed a yak
  2793 | D:6      | Noticed a yak
  2793 | D:6      | Noticed a yak
  2793 | D:6      | Noticed a yak
  2795 | D:6      | Noticed a yak
  2813 | D:5      | Reached skill level 3 in Unarmed Combat
  2813 | D:5      | Reached XP level 7. HP: 18/27 MP: 2/13
  2916 | D:5      | Reached skill level 4 in Spellcasting
  3020 | D:5      | Gained mutation: You are resistant to hostile enchantments. (MR+) [potion of mutation]
  3020 | D:5      | Gained mutation: You tend to lose your temper in combat. [potion of mutation]
  3020 | D:5      | Gained mutation: Your flesh is cold resistant. (rC+) [potion of mutation]
  3020 | D:5      | Gained mutation: You have a pair of small antennae on your head. [potion of mutation]
  3054 | D:5      | HP: 2/27 [yak (17)]
  3055 | D:5      | Killed a yak
  3125 | D:5      | Reached skill level 7 in Necromancy
  3382 | D:6      | Reached skill level 1 in Charms
  3405 | D:5      | Reached skill level 4 in Unarmed Combat
  3405 | D:5      | Reached XP level 8. HP: 11/31 MP: 0/15
  3615 | D:4      | Found a white marble altar of Elyvilon.
  3650 | D:4      | Found a staircase to the Ecumenical Temple.
  3660 | Temple   | Entered the Ecumenical Temple
  3667 | Temple   | Learned a level 4 spell: Animate Dead
  3672 | Temple   | Learned a level 4 spell: Control Undead
  3677 | Temple   | Became a worshipper of Cheibriados the Contemplative
  3802 | D:6      | Reached skill level 2 in Charms
  3903 | D:6      | Reached skill level 1 in Fighting
  3903 | D:6      | Reached skill level 4 in Stealth
  3914 | D:6      | Reached skill level 4 in Dodging
  3954 | D:6      | HP: 3/32 [centaur/arrow (9)]
  3954 | D:6      | Shot with an arrow by a centaur
  3955 | D:6      | Reached XP level 7. HP: 0/28 MP: 8/15
  3955 | D:6      | Quit the game

Vault maps used:
D:1:      dpeg_arrival_prison, minmay_quantized
D:2:      nemelex_xobeh_ov_fountains_minmay, gammafunk_temple_overflow_pools,
          first_bread, glass_columns_a, uniq_crazy_yiuf_cottage, uniq_natasha
D:4:      nicolae_overflow_crystal_walls, minmay_temple_entry_trees,
          led_sif_pool
D:5:      old_forge
Temple:   nicolae_temple_x_marks_the_god

Skill      XL: |  1  2  3  4  5  6  7  8 |
---------------+-------------------------+-----
Dodging        | 3 4 |  4.0
Stealth        | 3 4 |  4.1
Unarmed Combat | 1 2 3 4 |  4.8
Necromancy     | 5 6 7 |  7.7
Spellcasting   | 3 4 |  4.7
Charms         | 1 2 |  2.0
Fighting       | 1 |  1.2

Action                   |  1- 3 |  4- 6 |  7- 9 || total
-------------------------+-------+-------+-------++-------
Melee: Unarmed           |     3 |     7 |    76 ||    86
       Bite              |       |       |    10 ||    10
       Punch             |       |       |     2 ||     2
 Cast: Pain              |    65 |    92 |    65 ||   222
       Vampiric Draining |       |    13 |    13 ||    26
       Regeneration      |       |     7 |     7 ||    14
Evoke: Wand              |       |    11 |       ||    11
  Use: Potion            |     1 |     1 |     1 ||     3
       Scroll            |       |     6 |     5 ||    11
 Stab: Sleeping          |       |     2 |     1 ||     3
  Eat: Chunk             |     4 |    12 |     6 ||    22
Armor: Skin              |       |     1 |    15 ||    16
Dodge: Dodged            |     5 |    40 |    94 ||   139

Table legend:
 A = Spawn XP
 B = Non-spawn XP
 C = Spawn XP percentage of total XP
 D = Spawn monster count
 E = Non-spawn monster count
 F = Spawn count percentage of total count
 G = Total turns spent on level
                    A         B        C        D         E        F      G
               +---------+---------+-------+---------+---------+-------+---------
         Total |       0 |    2011 |   0.0 |       0 |     125 |   0.0 |  3955
               +---------+---------+-------+---------+---------+-------+---------
           D:1 |       0 |      42 |   0.0 |       0 |      24 |   0.0 |  1030
           D:2 |       0 |     130 |   0.0 |       0 |      14 |   0.0 |   528
           D:3 |       0 |     120 |   0.0 |       0 |      30 |   0.0 |   777
           D:4 |       0 |     226 |   0.0 |       0 |      21 |   0.0 |   435
           D:5 |       0 |     840 |   0.0 |       0 |      21 |   0.0 |   958
           D:6 |       0 |     653 |   0.0 |       0 |      15 |   0.0 |   203
               +---------+---------+-------+---------+---------+-------+---------

Table legend:
 A = Turns spent in this place as a percentage of turns spent in the entire game.
 B = Non-inter-level travel turns spent in this place as a percentage of non-inter-level travel turns spent in the entire game.
 C = Inter-level travel turns spent in this place as a percentage of turns spent in this place.
 D = Turns resting spent in this place as a percentage of non-inter-level travel turns spent in this place.
 E = Turns spent auto-exploring this place as a percentage of non-inter-level travel turns spent in this place.
 F = Non-inter-level travel turns spent in this place divided by the number of levels of this place that you've seen.
                   A       B       C       D       E      F
               +-------+-------+-------+-------+-------+----------------------
         Total | 100.0 | 100.0 |   3.8 |   0.1 |   0.0 | 543.6
       Dungeon |  99.4 |  99.4 |   3.8 |   0.1 |   0.0 | 630.2
        Temple |   0.6 |   0.6 |   0.0 |   0.0 |   0.0 |  24.0
               +-------+-------+-------+-------+-------+----------------------

Table legend:
 A = Kills in this place as a percentage of kills in entire the game.
 B = Kills by you in this place as a percentage of kills by you in the entire game.
 C = Kills by friends in this place as a percentage of kills by friends in the entire game.
 D = Other kills in this place as a percentage of other kills in the entire game.
 E = Experience gained in this place as a percentage of experience gained in the entire game.
 F = Experience gained in this place divided by the number of levels of this place that you have seen.
                   A       B       C       D       E      F
               +-------+-------+-------+-------+-------+----------------------
         Total | 100.0 | 100.0 |   N/A |   N/A | 100.0 | 287.3
       Dungeon | 100.0 | 100.0 |   N/A |   N/A | 100.0 | 335.2
               +-------+-------+-------+-------+-------+----------------------

Vault maps used:
D:1:      dpeg_arrival_prison, minmay_quantized
D:2:      nemelex_xobeh_ov_fountains_minmay, gammafunk_temple_overflow_pools,
          first_bread, glass_columns_a, uniq_crazy_yiuf_cottage, uniq_natasha
D:4:      nicolae_overflow_crystal_walls, minmay_temple_entry_trees,
          led_sif_pool
D:5:      old_forge
Temple:   nicolae_temple_x_marks_the_god
